 Dungeon Crawl Stone Soup version 0.26-a0-1213-gd52f5182fe (webtiles) character file.

Game seed: 7382019968957738414

2 sokol815 the Slasher (level 1, -1/14 HPs)
             Began as an Octopode Gladiator on Dec 30, 2020.
             Slain by a goblin
             ... wielding a +0 dagger
              (4 damage)
             ... on level 1 of the Dungeon.
             The game lasted 00:00:35 (125 turns).

sokol815 the Slasher (Octopode Gladiator)            Turns: 125, Time: 00:00:36

Health: -1/14      AC:  1    Str: 13    XL:     1   Next: 40%
Magic:  1/1        EV: 14    Int: 10    God:
Gold:   6          SH:  0    Dex: 13    Spells: 0/0 levels left

rFire    . . .     SeeInvis .   a - +0 long sword
rCold    . . .     Faith    .   (no shield)
rNeg     . . .     Spirit   .   b - +0 hat
rPois    .         Reflect  .   d - amulet of magic regeneration
rElec    .         Harm     .   (no ring)
rCorr    .         Rampage  .   (no ring)
Will     .....                  (no ring)
Stlth    +++.......             (no ring)
HPRegen  0.04/turn              (no ring)
MPRegen  0.32/turn              (no ring)
                                (no ring)
                                (no ring)

@: no status effects
A: almost no armour, stealthy swim, amphibious, 8 rings, constrict 8, camouflage
1, gelatinous body 1
a: no special abilities


You were on level 1 of the Dungeon.
You visited 1 branch of the dungeon, and saw 1 of its levels.

You collected 6 gold pieces.

Inventory:

Hand Weapons
 a - a +0 long sword (weapon)
Missiles
 c - 3 throwing nets {=f, !d}
Armour
 b - a +0 hat (worn)
Jewellery
 d - an amulet of magic regeneration (around mantle)
   (You found it on level 1 of the Dungeon)


   Skills:
 - Level 2.0 Fighting
 * Level 3.1 Long Blades
 - Level 2.0 Throwing
 - Level 3.0 Dodging
 * Level 0.8 Stealth


You couldn't memorise any spells.
You didn't know any spells.
Your spell library was empty.

Dungeon Overview and Level Annotations

Branches:
Dungeon (1/15)

Altars:


Innate Abilities, Weirdness & Mutations

You cannot wear most types of armour.
You are very stealthy in the water. (Stealth+)
You are amphibious.
You can wear up to eight rings at the same time.
You can use your tentacles to constrict eight enemies at once.
Your skin changes colour to match your surroundings (Stealth+).
Your rubbery body absorbs attacks. (AC +1, EV +1)


Message History

Options error: Bad channel -- rotten_meat (HDAMessageColors.rc:46) Welcome, sokol815 the Octopode Gladiator.
It is said that the Orb of Zot exists deep within this dungeon.
Found a staircase leading out of the dungeon.
d - a large zirconium amulet You start putting on your amulet.
You continue putting on your large zirconium amulet. x5
You finish putting on your uncursed amulet of magic regeneration.
d - an amulet of magic regeneration (around mantle)
A rat comes into view.
You hit the rat. You grab the rat. You squeeze the rat.
You kill the rat!
No target in view!
No target in view!
A goblin comes into view.
The goblin shouts!
The goblin barely misses you.
You hit the goblin.
You kill the goblin!
No target in view!
You now have 6 gold pieces.
A goblin comes into view.
The goblin shouts!
You closely miss the goblin. You grab the goblin. You constrict the goblin.
You kill the goblin!
No target in view!
No target in view!
A goblin comes into view. It is wielding a +0 dagger.
A ball python, a giant cockroach and a dart slug come into view.
The goblin shouts!
You hear a shout!
A goblin comes into view.
The ball python hisses angrily.
A goblin comes into view. It is wielding a +0 dagger.
The dart slug barely misses you.
You hit the dart slug. You grab the dart slug. You constrict the dart slug.
You release your grip on the dart slug.
A goblin comes into view.
The goblin misses you. The dart slug launches a dart at you.
The slug dart misses you. The ball python closely misses you.
The ball python grabs you. The ball python constricts you.
You take 1 damage, and have 13/14 hp.
Here: a goblin, wielding a +0 dagger The floor.
The ball python's grasp on you weakens, but your attempt to escape fails.
The goblin hits you with a +0 dagger. The ball python bites you.
The ball python constricts you.
You take 6 damage, and have 7/14 hp.
MASSIVE DAMAGE!!
You escape the ball python's grasp.
You completely miss the goblin. Your grab misses the goblin.
The goblin misses you. The goblin hits you with a +0 dagger.
You take 1 damage, and have 6/14 hp.
You closely miss the goblin. Your grab misses the goblin.
The goblin closely misses you.
The goblin shouts!
You hit the goblin. You grab the goblin. You constrict the goblin.
The goblin hits you with a +0 dagger.
* * * LOW HITPOINT WARNING * * *
You take 4 damage, and have 2/14 hp.
MASSIVE DAMAGE!!
You release your grip on the goblin.
The goblin hits you with a +0 dagger.
You die...

######### #.......# #.......#
#.......########
######..............#
............(.......##
.#########..[............#
.........#.......#######.#
.........#..@....# #.#
.........#.g.....# #.#
.........#B######### #.#
.........#.# ####8#####.####
....g....#.# ##≈≈≈≈≈≈≈##.....
.........#g###≈#######.##..##
.......w##g##≈##≈≈≈≈≈##.##.#
.......g...#≈##≈#####≈##≈#.##
...?....####≈#≈##≈≈≈##≈##...#


You could see a giant cockroach and a goblin.

Vanquished Creatures
  2 goblins (D:1)
  A rat (D:1)
3 creatures vanquished.

Notes
Turn   | Place    | Note
-------+----------+-------------------------------------------
     0 | D:1      | sokol815 the Octopode Gladiator began the quest for the
                  | Orb.
     0 | D:1      | Reached XP level 1. HP: 14/14 MP: 1/1
   118 | D:1      | HP: 2/14 [goblin/+0 dagger (4)]
   125 | D:1      | Slain by a goblin

Illustrated notes

Levels and vault maps discovered:
D:1:      nagdon_arrival_double_spiral, layout_basic, minmay_small_reverse_x

Action                   || total
-------------------------++-------
Melee: Long sword        ||     7
       Constrict         ||     4
       Tentacles         ||     1
Dodge: Dodged            ||     7

Table legend: (Time is in decaauts)
 A = Elapsed time spent in this place.
 B = Non-inter-level travel time spent in this place.
 C = Inter-level travel time spent in this place.
 D = Time resting spent in this place.
 E = Time spent auto-exploring this place.
 F = Levels seen in this place.
 G = Mean time per level.
                   A        B        C        D        E       F      G
               +--------+--------+--------+--------+--------+-----+--------+
         Total |    126 |    126 |      0 |      0 |     85 |   1 |  126.0 |
       Dungeon |    126 |    126 |      0 |      0 |     85 |   1 |  126.0 |
               +--------+--------+--------+--------+--------+-----+--------+

Top non-repeatable levels by time:
     D:1: 126 daAuts

Table legend:
 A = Kills in this place as a percentage of kills in entire the game.
 B = Kills by you in this place as a percentage of kills by you in the entire game.
 C = Kills by friends in this place as a percentage of kills by friends in the entire game.
 D = Other kills in this place as a percentage of other kills in the entire game.
 E = Experience gained in this place as a percentage of experience gained in the entire game.
 F = Experience gained in this place divided by the number of levels of this place that you have seen.
                   A       B       C       D       E      F
               +-------+-------+-------+-------+-------+----------------------
         Total | 100.0 | 100.0 |   N/A |   N/A | 100.0 |   4.0
       Dungeon | 100.0 | 100.0 |   N/A |   N/A | 100.0 |   4.0
               +-------+-------+-------+-------+-------+----------------------
